 Dungeon Crawl Stone Soup version 0.28.0-47-ge53b351184 (webtiles) character file.

Game seed: 4365869575880108772

3993 acdeimund the Spear-Bearer (level 10, -4/120 HPs)
             Began as a Merfolk Berserker on May 2, 2022.
             Was a Priest of Trog.
             Slain by a skeletal warrior
             ... wielding a +0 flail
             ... led by a skeletal warrior
              (17 damage)
             ... on level 7 of the Dungeon.
             The game lasted 00:28:39 (9407 turns).

acdeimund the Spear-Bearer (Merfolk Berserker)      Turns: 9407, Time: 00:28:39

Health: -4/120     AC: 18    Str: 17    XL:     10   Next: 23%
Magic:  19/19      EV: 16    Int: 11    God:    Trog [***...]
Gold:   421        SH:  0    Dex: 24    Spells: 9/9 levels left

rFire   . . .      SeeInvis .   w - +1 trident (venom)
rCold   + . .      Faith    .   (no shield)
rNeg    + . .      Spirit   .   m - +9 scale mail of the Komodo Dragon {rC+ MP+9 Int+4}
rPois   .          Reflect  .   (no helmet)
rElec   .          Harm     .   (no cloak)
rCorr   .          Rampage  .   (no gloves)
Will    .....                   l - +1 pair of boots
Stlth   ..........              (no amulet)
HPRegen 0.30/turn               r - ring of positive energy
MPRegen 0.16/turn               D - +6 ring of dexterity

@: berserking (expiring), studying 2 skills, very quick
A: (nimble swimmer 2), mertail
a: Renounce Religion, Berserk, Trog's Hand


You were on level 7 of the Dungeon.
You worshipped Trog.
Trog was most pleased with you.
You visited 1 branch of the dungeon, and saw 8 of its levels.
You also visited: Ossuary.

You collected 421 gold pieces.

Inventory:

Hand Weapons
 a - a +0 vorpal spear
 w - a +1 trident of venom (weapon)
 A - the +7 staff of the Meek {protect, meekguard}
   (You found it on level 6 of the Dungeon)

   It grants its wielder temporary protection when it strikes (+7 to AC).
   It provides extra protection to wielders with little health.
Missiles
 g - 3 silver javelins (quivered)
 j - 2 javelins
Armour
 b - a +0 animal skin
 l - a +1 pair of boots (worn)
 m - the +9 scale mail of the Komodo Dragon (worn) {rC+ MP+9 Int+4}
   (You found it on level 2 of the Dungeon)

   Int:       It affects your intelligence (+4).
   rC:        It protects you from cold.
   MP:        It affects your magic capacity (+9).
 n - a +0 pair of boots
Jewellery
 o - a ring of flight
 r - a ring of positive energy (left hand)
 D - a +6 ring of dexterity (right hand)
Wands
 t - a wand of flame (14)
 y - a wand of iceblast (9)
 B - a wand of digging (5)
Scrolls
 c - 5 scrolls of teleportation
 d - a scroll of immolation
 u - a scroll of enchant weapon {unknown}
 v - 2 scrolls of fear
 x - 3 scrolls of identify
 E - a scroll of blinking {unknown}
Potions
 e - a potion of lignification
 f - a potion of heal wounds
 h - a potion of magic {unknown}
 i - 3 potions of might
 k - 4 potions of curing
 p - a potion of resistance {unknown}
 q - 2 potions of flight {unknown}
 s - a potion of attraction {unknown}
 z - a potion of berserk rage {unknown}
 C - a potion of haste {unknown}


   Skills:
 + Level 7.9 Fighting
 + Level 12.7 Polearms
 + Level 5.1 Armour
 + Level 8.9 Dodging
 + Level 10.1 Stealth


You had 9 spell levels left.
You didn't know any spells.
Your spell library was empty.

Dungeon Overview and Level Annotations

Branches:
Dungeon (8/15)             Temple (0/1) D:4         Ossuary (visited)
   Lair: D:8-11

Altars:
Makhleb
Okawaru
Ru
Sif Muna
Trog
Uskayaw
Zin
Beogh

Shops:
D:1 =


Innate Abilities, Weirdness & Mutations

((You are very nimble when in or above water. (Stealth+, EV+, Speed+++)))
Your lower body shifts to a powerful aquatic tail in water.


Message History

You hit the skeletal warrior but do no damage.
The skeletal warrior is lightly damaged.
The skeletal warrior hits you with a +0 flail.
* * * LOW HITPOINT WARNING * * *
You puncture the skeletal warrior!
The skeletal warrior is moderately damaged.
You hit the skeletal warrior but do no damage.
The skeletal warrior is moderately damaged.
The skeletal warrior completely misses you.
You closely miss the skeletal warrior.
The skeletal warrior is moderately damaged.
You puncture the skeletal warrior!
The skeletal warrior is heavily damaged.
You hit the skeletal warrior but do no damage.
The skeletal warrior is heavily damaged.
The skeletal warrior hits you with a +0 flail.
* * * LOW HITPOINT WARNING * * *
You hit the skeletal warrior.
The skeletal warrior is heavily damaged.
You hit the skeletal warrior.
The skeletal warrior is heavily damaged.
The skeletal warrior hits you but does no damage.
You closely miss the skeletal warrior.
The skeletal warrior is heavily damaged.
You hit the skeletal warrior but do no damage.
The skeletal warrior is heavily damaged.
The skeletal warrior hits you with a +0 flail!
* * * LOW HITPOINT WARNING * * *
You hit the skeletal warrior.
The skeletal warrior is severely damaged.
You hit the skeletal warrior but do no damage.
The skeletal warrior is severely damaged.
The skeletal warrior hits you with a +0 flail.
* * * LOW HITPOINT WARNING * * *
You puncture the skeletal warrior!
The skeletal warrior is severely damaged.
You puncture the skeletal warrior!
The skeletal warrior is almost destroyed.
The skeletal warrior hits you with a +0 flail!
You die...

...)...##....#####
#.##.#.#.##.#
.......##....#...#
#.##.....##.#
.......##....#...#
#.###....##..
.......##....#...####.#
#........
.########..).)...'))..#
#..#.####
.##≈≈≈≈≈###.)#...######
##.#.#
.#≈≈≈≈≈≈≈##).###......#
#...#
##≈≈...≈≈##.##......#.#
#...##
.#≈≈._...'..##..@...#)#
#....#
.#≈≈...≈≈#####..z...#)#
#.#..## .#≈≈≈≈≈≈≈#
###'####.# #.#...#
.##≈≈≈≈≈#### #.# #.#
#.##..## .#########.#
#.# #.# #.......
.#.#.......## #.#
#.#######..##
.#.#.#......#
#.####...........#
.....#......#
#(.........####..#
##.###......#
#......###.# #...


You could see a skeletal warrior.

Vanquished Creatures
  Harold (D:7)
  A skeletal warrior (D:8)
  Menkaure (D:4)
  An orc warrior (D:6)
  3 ice beasts
  An ogre (D:5)
  A sky beast (D:6)
  A centaur (D:5)
  A phantom (D:5)
  3 bullfrogs
  4 scorpions
  2 water moccasin skeletons (D:5)
  A killer bee (D:7)
  11 wights
  A human zombie (Ossuary)
  A jelly (D:7)
  3 hounds
  5 orc priests
  A bullfrog skeleton (D:6)
  2 centaur skeletons (D:7)
  3 gnoll shamans
  Jessica (D:2)
  An iguana (D:4)
  5 orc wizards
  A scorpion zombie (D:5)
  A hound zombie (D:5)
  4 mummies (Ossuary)
  8 gnolls
  6 adders
  A shadow imp (D:6)
  2 white imps
  An ufetubus (D:5)
  4 adder zombies
  8 worms
  4 dart slugs
  16 orcs
  4 ball pythons
  3 endoplasms
  3 giant cockroaches
  7 goblins
  7 hobgoblins
  6 jackals
  4 kobolds
  10 quokkas
  9 bats
  3 frilled lizards
  2 gnoll zombies (Ossuary)
  2 goblin zombies (Ossuary)
  2 kobold zombies (Ossuary)
  2 orc zombies (Ossuary)
  8 rats
  A rat zombie (Ossuary)
184 creatures vanquished.

Notes
Turn   | Place    | Note
-------+----------+-------------------------------------------
     0 | D:1      | acdeimund the Merfolk Berserker began the quest for the
                  | Orb.
     0 | D:1      | Reached XP level 1. HP: 18/18 MP: 1/1
   124 | D:1      | Reached XP level 2. HP: 19/24 MP: 2/2
   484 | D:1      | Reached XP level 3. HP: 17/29 MP: 3/3
   704 | D:1      | Reached skill level 1 in Stealth
   704 | D:1      | Found Founo's Jewellery Shoppe.
  1026 | D:1      | Reached ** piety under Trog
  1380 | D:2      | Reached skill level 5 in Polearms
  1762 | D:2      | Reached XP level 4. HP: 26/37 MP: 4/4
  2206 | D:2      | Noticed Jessica
  2215 | D:2      | Killed Jessica
  2406 | D:2      | Reached XP level 5. HP: 40/42 MP: 5/5
  2406 | D:2      | Identified the +9 scale mail of the Komodo Dragon {rC+ MP+9
                  | Int+4}
  2616 | D:2      | Found a faded altar of an unknown god.
  3677 | D:4      | Found a staircase to the Ecumenical Temple.
  3741 | D:4      | Reached *** piety under Trog
  3967 | D:4      | Found a sand-covered staircase.
  3972 | Ossuary  | Entered an ossuary
  3999 | Ossuary  | Reached XP level 6. HP: 48/48 MP: 6/6
  4231 | Ossuary  | Reached skill level 6 in Polearms
  4833 | D:4      | Noticed Menkaure
  4983 | D:4      | Killed Menkaure
  4984 | D:4      | Reached XP level 7. HP: 55/55 MP: 7/7
  5432 | D:5      | Entered Level 5 of the Dungeon
  5507 | D:5      | Found a hide-covered altar of Uskayaw.
  5666 | D:5      | Reached skill level 5 in Dodging
  5729 | D:5      | Identified 2 scrolls of acquirement
  5729 | D:5      | Acquired a manual of Stealth
  5733 | D:5      | Acquired a manual of Polearms
  5769 | D:4      | Reached skill level 5 in Fighting
  5914 | D:5      | Reached skill level 7 in Polearms
  6159 | D:5      | Reached skill level 5 in Stealth
  6159 | D:5      | Reached XP level 8. HP: 59/63 MP: 8/8
  6162 | D:5      | Reached skill level 8 in Polearms
  6676 | D:6      | Reached skill level 9 in Polearms
  6793 | D:6      | Found the +7 staff of the Meek {protect, meekguard}
  6989 | D:6      | Reached XP level 9. HP: 71/71 MP: 9/9
  7032 | D:6      | Reached skill level 10 in Polearms
  7592 | D:6      | Found a sacrificial altar of Ru.
  7606 | D:6      | Found an iron altar of Okawaru.
  7663 | D:6      | Found a burning altar of Makhleb.
  7674 | D:6      | Found a glowing silver altar of Zin.
  8366 | D:7      | Reached skill level 11 in Polearms
  8511 | D:7      | Reached **** piety under Trog
  8518 | D:7      | Found a shimmering blue altar of Sif Muna.
  8927 | D:7      | Found a bloodstained altar of Trog.
  8930 | D:7      | Noticed Harold
  8951 | D:7      | Killed Harold
  8952 | D:7      | Reached skill level 12 in Polearms
  8952 | D:7      | Reached XP level 10. HP: 55/79 MP: 10/10
  9310 | D:8      | Noticed a skeletal warrior
  9314 | D:8      | Noticed a skeletal warrior
  9316 | D:8      | Noticed a skeletal warrior
  9328 | D:8      | Noticed a skeletal warrior
  9347 | D:8      | Killed a skeletal warrior
  9348 | D:8      | Reached skill level 5 in Armour
  9348 | D:8      | Reached skill level 10 in Stealth
  9407 | D:7      | Slain by a skeletal warrior

Illustrated notes

Levels and vault maps discovered:
D:1:      eino_arrival_cavern_d, layout_basic, serial_shops, shop,
          serial_bayou_lake_a
D:2:      layout_loops_corners, ebering_ecumenical_altar_abandoned,
          kennysheep_jessica_study, uniq_jessica
D:3:      layout_rooms
D:4:      layout_layer_cave, minmay_temple_entry_hall, enter_ossuary_5,
          minmay_misc_feat_doors, nicolae_wormholes, uniq_menkaure
D:5:      cheibrodos_barr_body, layout_cave_pools, nicolae_uskayaw_dance_hall
D:6:      layout_basic, nicolae_overflow_quartered_altars,
          hangedman_glass_teeth, pf_guarded_unrand_meek
D:7:      layout_basic, led_sif_pool, old_standard_altar, minmay_diced_spiral,
          uniq_harold
D:8:      layout_loops_corners, elyvilon_altar_5, serial_rivers,
          chequers_serial_rivers_micro_c, chequers_serial_rivers_room_b,
          chequers_serial_rivers_room_b, chequers_serial_rivers_micro_c,
          chequers_serial_rivers_micro_e, uniq_maggie

Skill      XL: |  1  2  3  4  5  6  7  8  9 10 |
---------------+-------------------------------+-----
Dodging        | 3 4 5 7 8 |  8.9
Stealth        | 1 2 3 5 7 9 10 | 10.1
Polearms       | 5 6 7 9 12 | 12.7
Armour         | 2 3 4 5 |  5.1
Fighting       | 4 5 6 7 |  7.9

Action                   |  1- 3 |  4- 6 |  7- 9 | 10-12 || total
-------------------------+-------+-------+-------+-------++-------
Melee: Spear             |   159 |   277 |   191 |       ||   627
       Tailslap          |     2 |       |       |       ||     2
       Punch             |     1 |     5 |     9 |     1 ||    16
       Trident           |       |       |   245 |    62 ||   307
Throw: Javelin           |       |       |     1 |     1 ||     2
Invok: Berserk           |       |     6 |     4 |     2 ||    12
       Trog's Hand       |       |     2 |     1 |     1 ||     4
  Use: Scroll            |       |     9 |     6 |       ||    15
       Potion            |       |       |       |     2 ||     2
 Stab: Sleeping          |     7 |     1 |     7 |       ||    15
       Distracted        |       |       |     1 |       ||     1
Armor: Animal skin       |    23 |     4 |       |       ||    27
       Scale mail        |       |    93 |   163 |     7 ||   263
Dodge: Dodged            |    91 |   115 |   255 |    23 ||   484
